 Dungeon Crawl Stone Soup version 0.29.1-15-g9cfb28693d (webtiles) character file.

Game seed: 4679387584374391288

80 boopmooplesden the Covered (level 4, -3/41 HPs)
             Began as a Minotaur Fighter on Mar 16, 2023.
             Slain by Sigmund
             ... wielding a +2 scythe of freezing
              (6 damage)
             ... on level 3 of the Dungeon.
             The game lasted 00:01:47 (1546 turns).

boopmooplesden the Covered (Minotaur Fighter)       Turns: 1546, Time: 00:01:47

Health: -3/41      AC:  9    Str: 23    XL:     4   Next: 18%
Magic:  3/3        EV:  9    Int:  5    God:
Gold:   108        SH:  4    Dex:  9    Spells: 3/3 levels left

rFire   . . .      SeeInvis .   a - +1 war axe
rCold   . . .      Faith    .   c - +0 buckler
rNeg    . . .      Spirit   .   b - +0 scale mail
rPois   .          Reflect  .   (helmet restricted)
rElec   .          Harm     .   k - +1 cloak
rCorr   .          Rampage  .   (no gloves)
Will    .....                   (no boots)
Stlth   ..........              (no amulet)
HPRegen 0.13/turn               (no ring)
MPRegen 0.08/turn               (no ring)

@: no status effects
A: horns 2, retaliatory headbutt
a: no special abilities


You were on level 3 of the Dungeon.
You visited 1 branch of the dungeon, and saw 3 of its levels.

You collected 108 gold pieces.

Inventory:

Hand Weapons
 a - a +1 war axe (weapon)
Armour
 b - a +0 scale mail (worn)
 c - a +0 buckler (worn)
 k - a +1 cloak (worn)
Scrolls
 e - 2 scrolls of blinking
 h - a scroll of enchant weapon
 j - 3 scrolls of teleportation
Potions
 d - 3 potions of might
 f - a potion of berserk rage {unknown}
 g - 2 potions of curing {unknown}
 i - a potion of attraction {unknown}
 l - 2 potions of lignification {unknown}


   Skills:
 + Level 4.3 Fighting
 + Level 3.3 Axes
 + Level 4.5 Armour
 + Level 0.5 Dodging
 + Level 4.1 Shields


You had 3 spell levels left.
You didn't know any spells.
Your spell library was empty.

Dungeon Overview and Level Annotations

Branches:
Dungeon (3/15)

Altars:

Annotations:
D:3 Sigmund


Innate Abilities, Weirdness & Mutations

You have a pair of horns on your head.
You reflexively headbutt those who attack you in melee.


Message History

The orc hits you but does no damage.
You hear a zap.
A puff of flame appears from out of thin air!
The puff of flame hits you!
The orc wizard hits you but does no damage.
The orc wizard attacks as you move away!
The orc wizard hits you but does no damage.
The orc wizard attacks as you move away!
The orc wizard barely misses you. Something hits you. Something freezes you.
The orc wizard hits you with a +0 dagger.
The orc attacks as you move away! The orc barely misses you.
The orc wizard hits you but does no damage.
Something hits you!
* * * LOW HITPOINT WARNING * * *
Something freezes you.
* * * LOW HITPOINT WARNING * * *
The orc wizard attacks as you move away!
The orc wizard hits you but does no damage.
The orc wizard casts a spell.
The orc wizard flickers and vanishes!
Something hits you but does no damage.
You feel less confused.
You hear a zap.
A puff of flame appears from out of thin air!
The puff of flame hits you.
* * * LOW HITPOINT WARNING * * *
Something hits you.
* * * LOW HITPOINT WARNING * * *
Something freezes you.
* * * LOW HITPOINT WARNING * * *
You slash the orc!
You kill the orc!
You closely miss something. Something hits you but does no damage.
You hear a zap.
A puff of flame appears from out of thin air!
The puff of flame hits something.
Something hits you but does no damage.
You see here a +0 dagger.
You miss something. Your headbutt misses something. Something hits you.
You die...

##### ###$..).........
##.#.. #....#.^........
#..... ##†##.#..........
#.##..###†.##.#..>.......
#..#...#..###.........
##...#...#####.# ....
#.#........# .. ....
#....){....###..#
#......{@.......#
...#.........###.#
.....#.###....# !......
........ ..#.... .###.##.
....#.. . ... . .####. ..
.... .. ..


There were no monsters in sight!

Vanquished Creatures
  3 adders
  2 orcs (D:3)
  3 bats (D:1)
  4 endoplasms
  2 giant cockroaches
  3 goblins (D:1)
  3 hobgoblins
  7 jackals
  3 kobolds (D:1)
  A quokka (D:1)
  10 ball pythons
  3 frilled lizards
  4 rats
48 creatures vanquished.

Notes
Turn   | Place    | Note
-------+----------+-------------------------------------------
     0 | D:1      | boopmooplesden the Minotaur Fighter began the quest for the
                  | Orb.
     0 | D:1      | Reached XP level 1. HP: 19/19 MP: 0/0
   259 | D:1      | Reached XP level 2. HP: 25/27 MP: 1/1
   776 | D:1      | Reached XP level 3. HP: 32/33 MP: 2/2
  1056 | D:2      | Found a faded altar of an unknown god.
  1527 | D:3      | Reached XP level 4. HP: 41/41 MP: 3/3
  1530 | D:3      | Noticed Sigmund
  1546 | D:3      | Slain by Sigmund

Illustrated notes

Levels and vault maps discovered:
D:1:      shiori_arrival_maze, layout_loops_ring, minmay_misc_feat_iff
D:2:      layout_basic, hellmonk_ecumenical_altar_crossroads
D:3:      layout_rooms, kennysheep_cross_bottleneck,
          amcnicky_mini_corridor_feature, uniq_sigmund

Skill      XL: |  1  2  3 |
---------------+----------+-----
Armour         | 4 |  4.5
Fighting       | 4 |  4.3
Shields        | 4 |  4.1
Axes           | 3 |  3.3
Dodging        | |  0.5

Action                   |  1- 3 |  4- 6 || total
-------------------------+-------+-------++-------
Melee: War axe           |    95 |     7 ||   102
       Headbutt          |     9 |       ||     9
  Use: Scroll            |     5 |       ||     5
Armor: Scale mail        |    55 |    10 ||    65
Dodge: Dodged            |    59 |     3 ||    62
Block: Buckler           |    21 |     1 ||    22
